Unix NetHack Version 5.0.0-0 post-release - last build Jul 14 2026 02:55:29 (1809b74e8187c3a3585e283601c3028b46cbbdcb,branch:main).

Game began 2026-07-17 17:21:18, ended 2026-07-17 18:16:38.

Koku, neutral female gnomish Wizard

                                   ----------------
          ----------------         |..>...%.......|
          |(............o@#        |..............|
          |..............|#        |..............+
          |..............|#        ---|--------.---
          |..............|#           #
          --------------|-##          #
                      ###  #          #
                      #    #          #
                     ##    #         ##
                  ####     #         #
            ------|---     ##[[##    #
            |..<.....-    ###   %----.------- --
            |.....{..|          #[.............|
            |........|           |.............|
            ----------           -.............|
                                 ---------#-----

Koku the Thaumaturge      St:12 Dx:17 Co:10 In:19 Wi:11 Ch:12  Neutral
Dlvl:6  $:36 HP:0(42) Pw:20(55) AC:4  Xp:6 T:3788  Burdened

Latest messages:
 Your movements are only slowed slightly by your load.
 The Uruk-hai picks up an iron skull cap.
 In what direction? 8
 The spell hits the Uruk-hai!
 The Uruk-hai swings her crude bow.
 The Uruk-hai hits!
 In what direction? 8
 The spell hits the Uruk-hai!
 You kill the Uruk-hai!
 The Uruk-hai picks up an iron skull cap.
 In what direction? 8
 You kill the Uruk-hai!
 There are many objects here.
 The Uruk-hai hits!
 The Uruk-hai wields a crude bow!
 In what direction? 4
 The spell hits the Uruk-hai!
 You kill the Uruk-hai!
 The spell hits the Uruk-hai!
 You kill the Uruk-hai!
 You have a little trouble lifting y - a wand of create monster.
 There is an Uruk-hai corpse here; eat it? [ynq] (n) y
 Blecch!  Rotten food!
 The world spins and goes dark.
 You are conscious again.
 There is a partly eaten Uruk-hai corpse here; eat it? [ynq] (n) y
 You resume your meal.
 You stop eating the Uruk-hai corpse.
 There is a partly eaten Uruk-hai corpse here; eat it? [ynq] (n) y
 You resume your meal.
 You finish eating the Uruk-hai corpse.
 The Uruk-hai picks up an iron skull cap.
 In what direction? 4
 The spell hits the Uruk-hai!
 You kill the Uruk-hai!
 There are several objects here.
 You have a little trouble lifting z - a leash.
 You hear water falling on coins.
 The Uruk-hai shoots 2 poisoned crude arrows!
 You are hit by the 1st poisoned crude arrow.
 You are hit by the 2nd poisoned crude arrow.
 Wizard, your life force is running out.
 The Uruk-hai swings his crude bow.
 The Uruk-hai hits!
 You die...
 Do you want your possessions identified? [ynq] (y) y
 Do you want to see your attributes? [ynq] (y) y
 Do you want an account of creatures vanquished? [ynaq] (y) y
 Do you want to see your conduct and achievements? [ynq] (y) y
 Do you want to see the dungeon overview? [ynq] (y) y

Inventory:
 Coins    ('$')
  $ - 36 gold pieces
 Weapons  (')')
  j - 10 poisoned +0 orcish arrows
  k - a +0 orcish bow
  H - 2 +0 daggers (alternate weapons; not wielded)
  a - a blessed +1 quarterstaff (weapon in hands)
 Armor    ('[')
  M - a blessed +2 orcish helm (being worn)
  q - an uncursed +0 orcish helm
  o - an uncursed +0 pair of iron shoes
  t - an uncursed +0 pair of iron shoes
  W - an uncursed +0 pair of low boots (being worn)
  w - an uncursed +0 Uruk-hai shield
  b - an uncursed +1 cloak of magic resistance (being worn)
  i - an uncursed +0 mummy wrapping
  x - an uncursed +0 orcish cloak
 Spellbooks  ('+')
  m - an uncursed spellbook of confuse monster
  g - an uncursed spellbook of detect monsters
  l - a blessed spellbook of force bolt
  E - an uncursed spellbook of magic missile
 Potions  ('!')
  f - an uncursed potion of confusion
  h - an uncursed potion of see invisible
 Rings    ('=')
  e - an uncursed ring of invisibility
  d - an uncursed ring of warning (on right hand)
 Wands    ('/')
  y - a wand of create monster (0:12)
  r - a wand of create monster (0:11)
  G - a wand of light (0:11)
  F - a wand of sleep named sleep (0:5)
  c - a wand of speed monster (0:4)
 Tools    ('(')
  T - a crystal ball (0:5)
  z - an uncursed leash
  n - a magic marker (0:19)
  O - a tinning kit (0:97)
 Gems/Stones  ('*')
  A - an uncursed chrysoberyl stone
  s - an uncursed opal
  u - 2 uncursed worthless pieces of violet glass
  K - a cursed worthless piece of white glass
  v - an uncursed worthless piece of yellow glass

Koku the Wizard's attributes:

Background:
 You were a Thaumaturge, a level 6 female gnomish Wizard.
 You were neutral, on a mission for Thoth
 who was opposed by Ptah (lawful) and Anhur (chaotic).
 You were right-handed.
 You were in the Dungeons of Doom, on level 6.
 You entered the dungeon 3788 turns ago.
 There was a new moon in effect when your adventure ended.
 You had 411 experience points, 229 more were needed to attain level 7.

Basics:
 You had 0 out of 42 hit points.
 You had 20 out of 55 energy points (spell power).
 Your armor class was 4.
 Your wallet contained 36 zorkmids.
 Autopickup was off.

Final Characteristics:
 Your strength was 12 (limit:18/50).
 Your dexterity was 17 (limit:18).
 Your constitution was 10 (limit:18).
 Your intelligence was 19 (limit:19).
 Your wisdom was 11 (limit:18).
 Your charisma was 12 (limit:18).

Final Status:
 You weren't hungry.
 You were burdened; movement was slightly slowed.
 You were wielding a quarterstaff.
 You had basic skill with quarterstaff.

Final Attributes:
 You were piously aligned.
 You were magic-protected.
 You were telepathic.
 You were warned.
 You had infravision.
 You were warded.
 You are dead.

Miscellaneous:
 You didn't encounter any bones levels.
 Total elapsed playing time was 30 minutes and 37 seconds.

Major events:
 Turn
    1: Koku the neutral female gnomish Wizard entered the dungeon
  831: attained the rank of Conjurer (level 3)
 1266: entered the Gnomish Mines
 3709: attained the rank of Thaumaturge (level 6)
 3788: killed by an Uruk-hai

Spells:
 Name                 Level Category     Fail Retention
 force bolt             1   attack         0%   81%-90%
 magic missile          2   attack         0%  91%-100%
 confuse monster        1   enchantment    0%   81%-90%
 detect monsters        1   divination     0%  76%-100%

Skills:
 Fighting Skills
   bare handed combat [Unskilled]
   riding             [Unskilled]
 Weapon Skills
   dagger             [Basic]
   knife              [Unskilled]
   axe                [Unskilled]
   short sword        [Unskilled]
   club               [Unskilled]
   mace               [Unskilled]
   quarterstaff       [Basic]
   polearms           [Unskilled]
   spear              [Unskilled]
   trident            [Unskilled]
   sling              [Unskilled]
   dart               [Unskilled]
   shuriken           [Unskilled]
 Spellcasting Skills
   attack spells      [Basic]
   healing spells     [Unskilled]
   divination spells  [Unskilled]
   enchantment spells [Basic]
   clerical spells    [Unskilled]
   escape spells      [Unskilled]
   matter spells      [Unskilled]

Voluntary challenges:
 Character rerolling was not enabled.
 You never genocided any monsters.
 You never polymorphed an object.
 You never changed form.
 You used no wishes.
Achievements:
 You attained the rank of Conjurer.
 You entered the Gnomish Mines.
 You attained the rank of Thaumaturge.

 The Dungeons of Doom: levels 1 to 6
    Level 1:
       A grave.
    Level 2:
       Stairs down to The Gnomish Mines.
    Level 3:
    Level 4: "last prayed, 2360"
    Level 5: "last prayed, 3407"
    Level 6: <- You were here.
       A fountain.
       Final resting place for
          you, killed by an Uruk-hai.
 The Gnomish Mines:
    Level 3:


Vanquished creatures:
  a ghost
  a blue jelly
 an imp
  8 Uruk-hai
  a rock piercer
  5 fog clouds
  a shrieker
  2 kobold mummies
  2 straw golems
  a little dog
  2 floating eyes
  a dwarf
  a giant bat
  5 orc zombies
  2 iguanas
  3 coyotes
  a hobbit
  a yellow mold
  a gnome
  a garter snake
  a gecko
  7 jackals
  a kobold
  a goblin
  3 sewer rats
  4 grid bugs
  4 lichens
  a kobold zombie
  7 newts
70 creatures vanquished.

No species were genocided or became extinct.

Game over:
                       ----------
                      /          \
                     /    REST    \
                    /      IN      \
                   /     PEACE      \
                  /                  \
                  |       Koku       |
                  |      36 Au       |
                  |   killed by an   |
                  |     Uruk-hai     |
                  |                  |
                  |                  |
                  |       2026       |
                 *|     *  *  *      | *
        _________)/\\_//(\/(/\)/\//\/|_)_______

Goodbye Koku the Wizard...

You died in The Dungeons of Doom on dungeon level 6 with 2497 points,
and 36 pieces of gold, after 3788 moves.
You were level 6 with a maximum of 42 hit points when you died.

